badnik, neutral female scurrid Ranger }}}}}}}}}}}}}}}}}}}}}}} }}}}}}}}}}}}}}}.}} .}}}}}}}}!}}} #.}}}}}}...# # .}}}}}....B# ....# #@.}}.}}}.}}B..}}}}}B# ..`}}}}}}.# }}n}B.B# #.}}}}}}}}..} }}}}}#.}}}}}}}}}}}} }}}}}} }n}}}}}}B}}}}}}}} }}}}}}# }}.# }...}}}}}}}}}}} }n}}}}.# #... # ...}}}}}}}}}}}}}.} }}}}}}}} .... # .B}}}}.# }}}}}}}}}}} }}.B}}}}} --+- # }}}.... }}}}}}} }..#.}}}}. }.}}}}}. }}} }}}} ...}}. }}}B..# }}}} }}}}}}B# ..# }}}} }}}}}}} .. }}}} }}}}}}}} }}}}} }}}}}}}} badnik the Tenderfoot Experience level: 2 Strength: 16 Dexterity: 11 Constitution: 13 Intelligence: 14 Wisdom: 13 Charisma: 8 Health: 0(17) Energy: 6(6) Def: 3 Gold: 87 Moves: 134 Dungeon seed: sfS40ts2hogu9a4d Game ID: badnik_1498610828 Your Inventory: Coins $ - 87 gold pieces Weapons b - 29 uncursed +2 darts c - 16 blessed +0 darts Armor e - an uncursed +2 cloak of displacement (being worn) Comestibles d - 4 uncursed chestnuts Scrolls g - an uncursed scroll of confuse monster i - an uncursed scroll of genocide Potions h - an uncursed potion of fruit juice Wands f - an uncursed wand of slow monster (0:3) Spells and supernatural/magical abilities: Name Level Category Fail Memory W - pray for help -- divine ? -- Your skills at the end: Miscellaneous Skills wands [Basic] Weapon Skills dart [Basic] Spellcasting Skills Final Attributes: You were fervently aligned. You had automatic searching. You had infravision. You were displaced. You were very stealthy. You were unlucky. You are dead. Vanquished creatures: a flaming sphere a puppy 2 creatures vanquished. Voluntary challenges: You went without food. You did not adorn yourself with jewelry or accessories. You did not cause conflict. You were not invisible. You did not have reflection. You were an atheist. You never hit with a wielded weapon. You did not use tools. You did not use sinks. You did not drink any magical draughts. You were illiterate. You never genocided any monsters. You never polymorphed an object. You never changed form. You used no wishes. You never split a pudding. You never wrote Elbereth's name. You violated your moral code, losing 5 points of alignment, starting on turn 5. Dungeon overview: The Dungeons of Doom: levels 1 to 21 Level 1 a long staircase Level 2 Level 3 Level 4 Level 5 Level 6 Level 7 Level 8 Level 9 Level 10 Level 11 an altar to Mars Level 12 Level 13 Level 14 Level 15 a fountain Level 16 Level 17 Level 18 Level 19 Level 20 Level 21 <- You were here many trees History has recorded: On T:1 you entered the Dungeons of Doom to retrieve the Amulet of Yendor! On T:5 you advanced to experience level 2. On T:10 you reached level 2 of The Dungeons of Doom. On T:14 you reached level 3 of The Dungeons of Doom. On T:19 you reached level 4 of The Dungeons of Doom. On T:24 you reached level 5 of The Dungeons of Doom. On T:29 you reached level 6 of The Dungeons of Doom. On T:42 you reached level 7 of The Dungeons of Doom. On T:44 you reached level 8 of The Dungeons of Doom. On T:52 you reached level 10 of The Dungeons of Doom. On T:57 you reached level 11 of The Dungeons of Doom. On T:76 you reached level 12 of The Dungeons of Doom. On T:82 you reached level 13 of The Dungeons of Doom. On T:88 you reached level 14 of The Dungeons of Doom. On T:99 you reached level 15 of The Dungeons of Doom. On T:105 you reached level 16 of The Dungeons of Doom. On T:109 you reached level 17 of The Dungeons of Doom. On T:114 you reached level 18 of The Dungeons of Doom. On T:114 you entered the Rogue tribute level. On T:124 you reached level 19 of The Dungeons of Doom. On T:128 you reached level 20 of The Dungeons of Doom. On T:133 you reached level 21 of The Dungeons of Doom. Score breakdown: Gold: 87 ( 8 points) Experience: 2 levels ( 100 points) Exploration: 21 levels ( 600 points) Discoveries: 3 items ( 150 points) Variety of kills: 2 monsters ( 100 points) Major goal: (nothing yet) ( 0 points) Survival: died (score multiplied by 3) Total score: 2874 Latest messages: You fall through... You start digging downward. You continue digging downward. You dig a pit in the floor. You are still in a pit. You crawl to the edge of the pit. You go down into the pit. You continue digging downward. You dig a hole through the floor. You fall through... That command is only available in debug mode. You have no ammunition readied! You don't have that object. Never mind. Never mind. You bash the tree. Ouch! That hurts! You die... Final status: Goodbye badnik the Ranger, killed by hitting tree... You died in The Dungeons of Doom on dungeon level 21 with 2874 points, and 87 pieces of gold, after 134 moves. You were level 2 with a maximum of 17 hit points when you died.